 Dungeon Crawl Stone Soup version 0.27-a0-1051-g288ea87c7c (webtiles) character file.

Game seed: 11795031881865054309

58 rageheart7 the Chiller (level 3, 0/19 HPs)
             Began as a Deep Elf Ice Elementalist on Apr 21, 2021.
             Slain by a sky beast (3 damage)
             ... on level 2 of the Dungeon.
             The game lasted 00:02:31 (1979 turns).

rageheart7 the Chiller (Deep Elf Ice Elementalist)  Turns: 1979, Time: 00:02:33

Health: 0/19       AC:  2    Str:  5    XL:     3   Next: 75%
Magic:  8/11       EV: 12    Int: 20    God:
Gold:   68         SH:  0    Dex: 15    Spells: 10/11 levels left

rFire    . . .     SeeInvis .   b - +0 dagger
rCold    . . .     Faith    .   (no shield)
rNeg     . . .     Spirit   .   a - +0 robe
rPois    .         Reflect  .   (no helmet)
rElec    .         Harm     .   (no cloak)
rCorr    .         Rampage  .   (no gloves)
Will     .....                  (no boots)
Stlth    ++........             (no amulet)
HPRegen  0.06/turn              (no ring)
MPRegen  0.12/turn              (no ring)

@: no status effects
A: no striking features
a: no special abilities


You were on level 2 of the Dungeon.
You visited 1 branch of the dungeon, and saw 2 of its levels.

You collected 68 gold pieces.

Inventory:

Hand Weapons
 b - a +0 dagger (weapon)
Armour
 a - a +0 robe (worn)
Scrolls
 e - a scroll of silence {unknown}
 f - a scroll of identify {unknown}
 g - a scroll of fog {unknown}
Potions
 c - a potion of cancellation {unknown}
 d - 2 potions of curing {unknown}


   Skills:
 - Level 2.4 Dodging
 - Level 2.4 Stealth
 * Level 4.5 Spellcasting
 * Level 5.2 Ice Magic


You had 10 spell levels left.
You knew the following spells:

 Your Spells              Type           Power      Damage    Failure   Level
a - Freeze                Ice            100%       1d11      1%          1

Your spell library contained the following spells:

 Spells                   Type           Power      Damage    Failure   Level
 Frozen Ramparts          Ice            50%        1d7       4%          3
 Ozocubu's Armour         Ice            25%        N/A       4%          3
 Hailstorm                Conj/Ice       15%        3d5       38%         4
 Metabolic Englaciation   Hex/Ice        7%         N/A       75%         5


Dungeon Overview and Level Annotations

Branches:
Dungeon (2/15)

Altars:
Fedhas


Message History

A quokka is nearby!
The quokka bites you but does no damage.
The quokka closely misses you.
You hit the quokka but do no damage. The quokka misses you.
You hit the quokka but do no damage. The quokka bites you.
You freeze the quokka!
You kill the quokka!
You can't see any susceptible monsters within range! (Use Z to cast anyway.)
You now have 68 gold pieces (gained 9).
Found a robe.
A sky beast comes into view.
A sky beast is nearby!
Found 7 gold pieces.
No target in view!
A bat comes into view.
Found a glowing robe.
The helpless sky beast fails to defend itself.
You hit the sky beast.
The sky beast is lightly wounded.
The sky beast hits you but does no damage.
You freeze the sky beast!
The sky beast is heavily wounded.
The sky beast flickers out of sight!
Deactivating autopickup; reactivate with Ctrl-A.
Something hits you. Something shocks you.
You can't see any susceptible monsters within range! (Use Z to cast anyway.)
Aiming: Freeze (safe; 1% risk of failure)
Press: ? - help, Q - select action Shift-Dir - straight line You freeze something!
A sky beast appears from thin air!
Reactivating autopickup.
The sky beast hits you. The sky beast shocks you.
* * * LOW HITPOINT WARNING * * *
Aiming: Freeze (safe; 1% risk of failure)
Press: ? - help, Q - select action Shift-Dir - straight line, f - sky beast
Aim: a sky beast (rain, severely wounded)
You freeze the sky beast.
The sky beast is almost dead.
The sky beast hits you.
You die...

#.......#<.........# #
#.........###.##.##.#######.#
...........##.##.##.........#
........รท).#
....######....## ...........#
##...##...##..#
.........#######.#..#.###
.... _....#...# #.$..##..[..#
### ....###### #.......###.#
... #...@#### .# ......Y[# .
........# .. ..b.....# ..
........# ... #########


You could see a sky beast and a bat (asleep).

Vanquished Creatures
  An adder (D:2)
  5 bats (D:1)
  7 endoplasms
  A giant cockroach (D:1)
  4 goblins
  5 hobgoblins (D:1)
  8 jackals (D:1)
  2 kobolds
  2 quokkas
  3 ball pythons
  A frilled lizard (D:1)
  A rat (D:2)
40 creatures vanquished.

Vanquished Creatures (others)
  A fungus (D:2)
  3 plants (D:2)
4 creatures vanquished.

Grand Total: 44 creatures vanquished

Notes
Turn   | Place    | Note
-------+----------+-------------------------------------------
     0 | D:1      | rageheart7 the Deep Elf Ice Elementalist began the quest
                  | for the Orb.
     0 | D:1      | Reached XP level 1. HP: 10/10 MP: 6/6
   167 | D:1      | Reached XP level 2. HP: 13/15 MP: 4/8
   767 | D:1      | Reached skill level 5 in Ice Magic
   767 | D:1      | Reached XP level 3. HP: 5/19 MP: 3/10
  1674 | D:2      | Found a blossoming altar of Fedhas.
  1969 | D:2      | Noticed a sky beast
  1979 | D:2      | Slain by a sky beast

Illustrated notes

Levels and vault maps discovered:
D:1:      evilmike_arrival_fibonacci_small, layout_basic
D:2:      layout_rooms, basic_altar, shapermc_ecumenical_altar_hornbeckon,
          supply_closet_lemuel

Skill      XL: |  1  2 |
---------------+-------+-----
Spellcasting   | 4 |  4.5
Ice Magic      | 5 |  5.2
Dodging        | |  2.4
Stealth        | |  2.4

Action                   || total
-------------------------++-------
Melee: Unarmed           ||     1
       Dagger            ||    16
 Cast: Freeze            ||    62
 Stab: Sleeping          ||     1
Armor: Robe              ||    17
Dodge: Dodged            ||    61

Table legend: (Time is in decaauts)
 A = Elapsed time spent in this place.
 B = Non-inter-level travel time spent in this place.
 C = Inter-level travel time spent in this place.
 D = Time resting spent in this place.
 E = Time spent auto-exploring this place.
 F = Levels seen in this place.
 G = Mean time per level.
                   A        B        C        D        E       F      G
               +--------+--------+--------+--------+--------+-----+--------+
         Total |   1978 |   1954 |     24 |      0 |   1747 |   2 |  989.0 |
       Dungeon |   1978 |   1954 |     24 |      0 |   1747 |   2 |  989.0 |
               +--------+--------+--------+--------+--------+-----+--------+

Top non-repeatable levels by time:
     D:1: 1451 daAuts
     D:2: 526 daAuts
